 Dungeon Crawl Stone Soup version 0.27-a0-1065-ge809cff456 (console) character file.

Game seed: 9416276070418806046

674 nht the Insei (level 7, -3/46 HPs)
             Began as a Demonspawn Summoner on Apr 23, 2021.
             Slain by a hornet (11 damage)
             ... on level 7 of the Dungeon.
             The game lasted 00:13:36 (6886 turns).

nht the Insei (Demonspawn Summoner)                 Turns: 6886, Time: 00:13:36

Health: -3/46      AC: 10    Str:  7 (8)  XL:     7   Next: 33%
Magic:  0/10       EV: 12    Int: 17 (18) God:
Gold:   93         SH:  0    Dex: 12 (14) Spells: 8/10 levels left

rFire    + + .     SeeInvis .   b - +3 staff {rElec rF++ rC++ Will++ AC+5}
rCold    + + .     Faith    .   (no shield)
rNeg     . . .     Spirit   +   a - +0 robe
rPois    .         Reflect  .   (helmet restricted)
rElec    +         Harm     .   r - +1 cloak
rCorr    .         Rampage  .   (no gloves)
Will     ++...                  c - +0 pair of boots
Stlth    ++........             f - amulet of guardian spirit
HPRegen  0.15/turn              (no ring)
MPRegen  0.12/turn              (no ring)

@: lethally poisoned (-3 -> -24), slowed, very slow
A: claws 1, horns 2, talons 1
a: no special abilities


You were on level 7 of the Dungeon.
You visited 1 branch of the dungeon, and saw 9 of its levels.

You collected 171 gold pieces.
You spent 78 gold pieces at shops.

Inventory:

Hand Weapons
 b - the +3 Elemental Staff (weapon) {rElec rF++ rC++ Will++ AC+5}
   (You acquired it on level 5 of the Dungeon)

   It affects your AC (+5).
   It greatly protects you from fire.
   It greatly protects you from cold.
   It insulates you from electricity.
   It greatly increases your willpower.
Armour
 a - a +0 robe (worn)
 c - a +0 pair of boots (worn)
 r - a +1 cloak (worn)
Magical Staves
 e - a staff of death
Jewellery
 f - an amulet of guardian spirit (around neck)
Scrolls
 p - a scroll of teleportation
Potions
 g - a potion of brilliance
 h - 3 potions of mutation
 i - 2 potions of haste
 n - 3 potions of curing


   Skills:
 - Level 1.7 Dodging
 - Level 1.7 Stealth
 - Level 5.2 Unarmed Combat
 - Level 2.0 Spellcasting
 - Level 5.0 Summonings
 + Level 4.2 Evocations


You had 8 spell levels left.
You knew the following spells:

 Your Spells              Type           Power      Damage    Failure   Level
b - Call Imp              Summ           18%        N/A       3%          2

Your spell library contained the following spells:

 Spells                   Type           Power      Damage    Failure   Level
 Summon Small Mammal      Summ           72%        N/A       2%          1
 Call Canine Familiar     Summ           18%        N/A       8%          3
 Sting                    Tmut/Pois      4%         1d3       19%         1
 Summon Guardian Golem    Hex/Summ       10%        N/A       21%         3
 Summon Ice Beast         Ice/Summ       15%        N/A       56%         4
 Summon Lightning Spire   Summ/Air       15%        N/A       56%         4
 Summon Forest            Summ/Tloc      5%         N/A       88%         5
 Shadow Creatures         Summ           N/A        N/A       98%         6
 Hydra Form               Tmut           0%         N/A       99%         5
 Irradiate                Conj/Tmut      0%         3d13      99%         5
 Yara's Violent Unravell  Hex/Tmut       0%         3d3       99%         5


Dungeon Overview and Level Annotations

Branches:
Dungeon (9/15)               Lair (0/6) D:8
 Temple: D:4-7          Orc: D:9-12

Altars:
Zin

Shops:
D:2 (   D:3 *


Innate Abilities, Weirdness & Mutations

You have sharp fingernails.
You have a pair of horns on your head.
You have sharp toenails.


Message History

Your crimson imp blinks!
You closely miss the hound. You headbutt the hound. You claw the hound.
The hound is heavily wounded.
The hound barely misses you.
Your crimson imp closely misses the hound.
The hound closely misses you.
Your crimson imp closely misses the hornet.
You barely miss the hound.
The hound is heavily wounded.
The hound bites you.
Your crimson imp hits the hound but does no damage.
Your crimson imp hits the hornet but does no damage.
The hound bites you.
You hit the hound but do no damage.
The hound is heavily wounded.
The hound barely misses you.
Your crimson imp hits the hound.
Your crimson imp hits the hornet.
The hound bites you but does no damage.
Your crimson imp barely misses the hound.
Your crimson imp barely misses the hornet.
You barely miss the hound.
The hound is heavily wounded.
The hound misses you.
Your crimson imp blinks!
Your crimson imp closely misses the hornet.
The hound barely misses you.
You hit the hound but do no damage. You crush the hound!!
You kill the hound!
The hornet stings you!
You are poisoned.
You feel yourself slow down.
You hit the hornet.
The hornet is lightly wounded.
You feel very sick. The hornet stings you!
* * * LOW HITPOINT WARNING * * *
You are more poisoned.
You feel as though you will be slow longer.
Your crimson imp barely misses the hornet.
The hornet stings you!
You die...

████'███████████.....
█...................
█.....██.████████.5.
█.....██.██....██..█
█.....██.██....██..█
█(....██.█.....+.5.█
████.███)█...).███y█
█.........5.█ █.█
█████......@███.█
█.......y55.█
█..██████████ █..█
█..█ █..█ █..█


You could see a hornet (ally target) and 3 friendly crimson imps.

Vanquished Creatures
  A necrophage (D:4)
  A sky beast (D:7)
  A bullfrog (D:6)
  3 hounds
  2 orc priests (D:6)
  A bullfrog skeleton (D:5)
  An iguana (D:6)
  A hound skeleton (D:4)
  4 adders
  A worm (D:4)
  A dart slug (D:2)
  5 orcs
  7 endoplasms
  A giant cockroach (D:3)
  2 goblins
  2 jackals
  4 kobolds
  3 quokkas
  5 ball pythons
  3 bats
  3 frilled lizards (D:3)
  3 rats
55 creatures vanquished.

Vanquished Creatures (collateral kills)
  A water moccasin zombie (D:5)
  A scorpion (D:4)
  A hound (D:4)
  A centaur skeleton (D:6)
  Terence (D:2)
  Natasha (thrice) (D:2)
  An orc wizard (D:3)
  An adder (D:2)
  6 orcs
  3 endoplasms
  3 goblins
  A hobgoblin (D:1)
  2 jackals (D:1)
  2 kobolds (D:1)
  3 quokkas
  2 rats
32 creatures vanquished.

Grand Total: 87 creatures vanquished

Notes
Turn   | Place    | Note
-------+----------+-------------------------------------------
     0 | D:1      | nht the Demonspawn Summoner began the quest for the Orb.
     0 | D:1      | Reached XP level 1. HP: 13/13 MP: 3/3
  1059 | D:1      | Gained mutation: You have a pair of small horns on your
                  | head. [demonic ancestry]
  1059 | D:1      | Reached XP level 2. HP: 5/19 MP: 0/5
  1059 | D:1      | jeez
  1062 | D:1      | Learned a level 2 spell: Call Imp
  2059 | D:2      | fuck imps
  2206 | D:2      | Reached skill level 5 in Summonings
  2302 | D:2      | Gained mutation: You have sharp fingernails. [demonic
                  | ancestry]
  2302 | D:2      | Reached XP level 3. HP: 21/24 MP: 0/6
  2376 | D:2      | Found Fed Ygguxtu's Weapon Shop.
  2436 | D:2      | Noticed Natasha
  2447 | D:2      | Killed Natasha
  2448 | D:2      | Reached skill level 1 in Unarmed Combat
  2449 | D:2      | Noticed Terence
  2476 | D:2      | Killed Terence
  2597 | D:2      | Noticed Natasha
  2606 | D:2      | Killed Natasha
  2607 | D:2      | Reached XP level 4. HP: 30/30 MP: 1/7
  2733 | D:2      | Noticed Natasha
  2747 | D:2      | Killed Natasha
  3554 | D:3      | Found Xeyqeir's Assorted Antiques.
  3577 | D:3      | Bought a scroll labelled ECRUENY LOHY for 20 gold pieces
  3577 | D:3      | Bought a scroll labelled IDOIKU SUASKOEQ for 20 gold pieces
  3577 | D:3      | Bought a scroll labelled QUICID AXAU for 20 gold pieces
  3577 | D:3      | Bought an emerald potion for 18 gold pieces
  3869 | D:3      | Found a faded altar of an unknown god.
  3876 | D:3      | Gained mutation: You have sharp toenails. [demonic
                  | ancestry]
  3876 | D:3      | Reached XP level 5. HP: 35/35 MP: 8/8
  4152 | D:4      | Noticed a necrophage
  4166 | D:4      | Killed a necrophage
  4851 | D:4      | Gained mutation: You have a pair of horns on your head.
                  | [demonic ancestry]
  4851 | D:4      | Reached XP level 6. HP: 41/41 MP: 2/9
  5222 | D:5      | Entered Level 5 of the Dungeon
  5351 | D:5      | Reached skill level 5 in Unarmed Combat
  5358 | D:5      | Identified 2 scrolls of acquirement
  5358 | D:5      | Acquired the +3 Elemental Staff {rElec rF++ rC++ Will++
                  | AC+5}
  5359 | D:5      | Found the +3 Elemental Staff {rElec rF++ rC++ Will++ AC+5}
  5620 | D:5      | Acquired the Compendium of the Magi
  5784 | D:6      | Reached skill level 1 in Evocations
  5872 | D:6      | Noticed a water moccasin
  5872 | D:6      | Noticed a water moccasin
  5874 | D:6      | Noticed an ice beast
  6156 | D:6      | Reached XP level 7. HP: 13/46 MP: 1/10
  6421 | D:6      | You fall into a shaft and drop 2 floors!
  6859 | D:7      | Noticed a hornet
  6886 | D:7      | Slain by a hornet

Illustrated notes █r█

██████████████.█
█...........██.██
█r████..█.█.██.█.
█.██████.█......█.....█.
█.......§...█..█.█.████.
█████..b.█.█......█ █.
█...........███ ██.
█.@███.███..█ █..
█..█.....█..█ █.█
█..█.....█..█ █..
█......>...██ ██.
█..█.....█.█ █. ██.█.
.█.█ █. █.█ █ █.█ ███.
█.. █... █.██


Turn 1059 on D:1: jeez . .██ ..█ █.█ █.█ █.█ █.██████ █.█ █...<..███@███.██
██████...b5...5... █████.██████. █.█ █.█ █.█ █.█ █.. ██ Turn 2059 on D:2: fuck
imps

Levels and vault maps discovered:
D:1:      ncdulo_wetmaze, layout_loops_cross, st_stairs_3
D:2:      layout_loops_ring, serial_shops, shop, basic_altar,
          minmay_crystal_room, skrybe_limestone_x, uniq_terence, uniq_natasha
D:3:      layout_rooms, serial_shops, nicolae_shop_competitors_out_of_business,
          shapermc_ecumenical_altar_starsandcircs
D:4:      layout_basic, st_stairs_14
D:5:      layout_basic, minmay_temple_entry_nine_rooms, serial_shops, shop,
          serial_park_tiny_pond, chequers_serial_rivers_small_3,
          hex_intersection, minmay_diced_spiral
D:6:      layout_basic, serial_shops, nicolae_shop_statue_plus,
          lexackson_kobold_supper
D:7:      layout_basic
D:8:      layout_cave_pods, special_room [special_room_orc], abandoned_shop
D:9:      dragon1_lemuel, layout_basic, david_orc_2, uniq_prince_ribbit1,
          uniq_erolcha

Skill      XL: |  1  2  3  4  5  6  7 |
---------------+----------------------+-----
Summonings     | 5 |  5.0
Unarmed Combat | 2 3 4 5 |  5.2
Evocations     | 2 4 |  4.2
Dodging        | |  1.7
Stealth        | |  1.7
Spellcasting   | |  2.0

Action                   |  1- 3 |  4- 6 |  7- 9 || total
-------------------------+-------+-------+-------++-------
Melee: Unarmed           |    89 |   154 |    33 ||   276
       Headbutt          |     9 |    19 |     3 ||    31
       Staff             |       |     9 |    10 ||    19
       Punch             |       |     1 |     2 ||     3
 Cast: Summon Small Mamm |    41 |       |       ||    41
       Call Imp          |    16 |    30 |     4 ||    50
  Use: Scroll            |       |     6 |     8 ||    14
       Potion            |       |     1 |     3 ||     4
 Stab: Distracted        |     1 |     2 |       ||     3
       Sleeping          |     1 |     1 |     1 ||     3
Armor: Robe              |    27 |    31 |     9 ||    67
Dodge: Dodged            |    63 |   109 |    38 ||   210

Table legend: (Time is in decaauts)
 A = Elapsed time spent in this place.
 B = Non-inter-level travel time spent in this place.
 C = Inter-level travel time spent in this place.
 D = Time resting spent in this place.
 E = Time spent auto-exploring this place.
 F = Levels seen in this place.
 G = Mean time per level.
                   A        B        C        D        E       F      G
               +--------+--------+--------+--------+--------+-----+--------+
         Total |   6883 |   6685 |    198 |     14 |   5698 |   9 |  764.8 |
       Dungeon |   6883 |   6685 |    198 |     14 |   5698 |   9 |  764.8 |
               +--------+--------+--------+--------+--------+-----+--------+

Top non-repeatable levels by time:
     D:1: 2000 daAuts
     D:4: 1182 daAuts
     D:2: 1163 daAuts
     D:3: 879 daAuts
     D:6: 640 daAuts
     D:5: 554 daAuts
     D:7: 428 daAuts
     D:8: 33 daAuts
     D:9: 1 daAuts
